 Dungeon Crawl Stone Soup version 0.30-a0-626-gd6a5dd7a1f (webtiles) character file.

Game seed: 16394237866208705061

1238 kae the Changer (level 8, -2/64 HPs)
             Began as a Demonspawn Transmuter on Jan 11, 2023.
             Slain by a gnoll sergeant
             ... wielding a +2 heavy spear
              (14 damage)
             ... on level 6 of the Dungeon.
             The game lasted 00:07:07 (4653 turns).

kae the Changer (Demonspawn Transmuter)             Turns: 4653, Time: 00:07:08

Health: -2/64      AC: 11    Str: 10    XL:     8   Next: 25%
Magic:  5/14       EV: 10    Int: 17    God:
Gold:   296        SH:  0    Dex: 14    Spells: 4/16 levels left

rFire   x . .      SeeInvis .      - Unarmed
rCold   + + +      Faith    .    (shield currently unavailable)
rNeg    . . .      Spirit   .    (body armour currently unavailable)
rPois   +          Reflect  .    (helmet currently unavailable)
rElec   .          Harm     .    (cloak currently unavailable)
rCorr   .          Rampage  .    (gloves currently unavailable)
Will    .....                    (boots currently unavailable)
Stlth   +                        (no amulet)
HPRegen 0.30/turn                P - ring of poison resistance
MPRegen 0.14/turn                O - +4 ring of protection

@: ice-form, wereblooded
A: freezing attack, amphibious, boosted hp, large, (antennae 1), (hooves 2),
demonic magic 1
a: End Transformation


You were on level 6 of the Dungeon.
You were a creature of crystalline ice.
You visited 1 branch of the dungeon, and saw 6 of its levels.

You collected 320 gold pieces.
You spent 24 gold pieces at shops.


Innate Abilities, Weirdness & Mutations

You are a creature of crystalline ice.
You have a powerful freezing melee attack.
You are amphibious.
Your maximum health is increased.
Your armour is entirely melded.
You are incapable of wielding weapons or throwing items.
((You have a pair of small antennae on your head.))
((You have hoof-like feet.))
Spells you cast may paralyse adjacent enemies.


   Skills:
 - Level 1.0 Fighting
 - Level 1.7 Dodging
 + Level 4.8 Unarmed Combat
 + Level 4.5 Spellcasting
 * Level 5.9 Transmutations
 * Level 3.6 Ice Magic
 - Level 1.0 Poison Magic


You had 4 spell levels left.
You knew the following spells:

 Your Spells              Type           Power      Damage    Failure   Level
a - Beastly Appendage     Tmut           48%        N/A       1%          1
b - Wereblood             Tmut           24%        N/A       1%          2
c - Spider Form           Tmut/Pois      15%        N/A       11%         3
d - Ice Form              Ice/Tmut       20%        N/A       21%         4
e - Passwall              Tmut/Erth      10%        N/A       7%          2

Your spell library contained the following spells:

 Spells                   Type           Power      Damage    Failure   Level
 Ensorcelled Hibernation  Hex/Ice        20%        N/A       11%         2
 Magic Dart               Conj           12%        1d3       16%         1
 Call Imp                 Summ           3%         N/A       22%         2
 Sublimation of Blood     Necr           3%         N/A       22%         2
 Mephitic Cloud           Conj/Pois/Air  4%         N/A       36%         3
 Inner Flame              Hex/Fire       3%         N/A       41%         3
 Swiftness                Air            3%         N/A       41%         3
 Tukima's Dance           Hex            3%         N/A       41%         3
 Cause Fear               Hex            1%         N/A       83%         4
 Passage of Golubria      Tloc           3%         N/A       83%         4
 Yara's Violent Unravell  Hex/Tmut       6%         3d5       77%         5
 Fireball                 Conj/Fire      1%         3d3       99%         5
 Iskenderun's Battlesphe  Conj           3%         2d6       99%         5
 Conjure Ball Lightning   Conj/Air       1%         3x3d6     100%        6
 Orb of Destruction       Conj           1%         9d5       100%        7
 Summon Hydra             Summ           1%         N/A       100%        7
 Discord                  Hex            1%         N/A       100%        8

Inventory:

Hand Weapons
 v - the +6 arbalest "Damnation" {damnation}
   (You found it on level 6 of the Dungeon)

   Any ammunition fired from it explodes in a burst of damnation on striking a
   foe, dealing damage which bypasses armour.
Missiles
 h - 35 stones
 k - 6 poisoned darts
Armour
 a - a +0 robe (melded)
 f - a +1 pair of gloves (melded)
   (You found it on level 1 of the Dungeon)
 q - a scarf of repulsion
   (You found it on level 5 of the Dungeon)
Magical Staves
 u - a staff of air {!a}
   (You found it on level 6 of the Dungeon)
Jewellery
 L - a ring of flight
   (You found it on level 4 of the Dungeon)
 O - a +4 ring of protection (right front paw)
   (You found it on level 2 of the Dungeon)
 P - a ring of poison resistance (left front paw)
   (You found it on level 2 of the Dungeon)
Scrolls
 d - 2 scrolls of enchant weapon
 g - 3 scrolls of teleportation {@r4}
 m - a scroll of identify {@r1}
 o - a scroll of magic mapping {!r}
 s - a scroll of amnesia {unknown}
 t - 2 scrolls of fog
Potions
 b - 3 potions of lignification {!q}
 c - 3 potions of flight
 e - 2 potions of mutation {!q}
 i - a potion of curing {@q1}
 j - a potion of degeneration {!q}
 l - 3 potions of might
 n - 3 potions of heal wounds {@q2}
 p - a potion of brilliance
 r - a potion of haste {@q3}

Dungeon Overview and Level Annotations

Branches:
Dungeon (6/15) Zot: 26635
 Temple: D:4-7

Altars:
Okawaru
Trog
Vehumet
Yredelemnul

Shops:
D:1 (   D:2 ?   D:4 :

Annotations:
D:5 2 transporters

#.........##.# #...
#######+#.##.# #...
#.........##.# #...
#............####... g
###......#####.##... ..
#............#.##...
...######+##......##.#.##...
...........#......##...##...
.........ggY....(.##...##...
#.........##...........#...
#.......g.##.....##..[.....
#.........##.....#.....####
#.........###+##.#.....#
#.........# ..#.....#
###.....### ......>.#
#.....# #....#...# #.....#
#.####...#


You could see a gnoll sergeant and 2 gnolls.


Message History

😎 HP[-8] MP[+3]
You now have 54 max hp (-10).
Your mp is fully restored (14).
You now have 296 gold pieces (gained 18).
Key pressed, stopping explore.
Unknown command.
u - a staff of air {!a} You see here the +6 arbalest "Damnation" {damnation}.
Found a stone staircase leading down.
You see here the +6 arbalest "Damnation" {damnation}.
Press: ? - help, v - describe, . - travel, g - get item Item here: the +6 arbalest "Damnation" {damnation}.
The floor.
v - the +6 arbalest "Damnation" {damnation} You open the door.
There is an open door here.
A gnoll comes into view. It is wielding a +0 whip.
The gnoll shouts!
You hear a shout!
You hear an angry buzzing noise.
A gnoll comes into view. It is wielding a +0 halberd.
There are monsters nearby!
Unknown command.
There are monsters nearby!
There are monsters nearby!
There are monsters nearby!
There is an open door here.
Casting: Ice Form (quite dangerous; 22% risk of failure)
Confirm with . or Enter, or press ? or * to list all spells.
The spell is quite dangerous to miscast (22% risk of failure)!
Continue anyway? [Y]es or [N]o only, please.
The spell is quite dangerous to miscast (22% risk of failure)!
Continue anyway?
You turn into a creature of crystalline ice.
Your +1 pair of gloves melds into your body.
Your +0 robe melds into your body.
Malevolent energies surge around you. 😎 HP[+10] MP[-4]
You now have 64 max hp (+10).
Your hp is fully restored (64).
You lost 4 mp, and now have 10/14 mp.
Casting: Ice Form (dangerous; 22% risk of failure)
Confirm with . or Enter, or press ? or * to list all spells.
Your blood is infused with primal strength.
Malevolent energies surge around you.
A gnoll sergeant comes into view. It is wielding a +2 heavy spear.
Casting: Wereblood (safe; 1% risk of failure)
Confirm with . or Enter, or press ? or * to list all spells.
You warm up again.
Your +1 pair of gloves unmelds from your body.
Your +0 robe unmelds from your body.
Your feet morph into talons.
Malevolent energies surge around you.
The gnoll shouts! 😎 HP[-10] MP[-3]
You now have 54 max hp (-10).
You lost 3 mp, and now have 7/14 mp.
Casting: Beastly Appendage (safe; 1% risk of failure)
Confirm with . or Enter, or press ? or * to list all spells.
The spell is quite dangerous to miscast (22% risk of failure)!
Continue anyway? [Y]es or [N]o only, please.
The spell is quite dangerous to miscast (22% risk of failure)!
Continue anyway?
Your talons disappear.
You turn into a creature of crystalline ice.
Your +1 pair of gloves melds into your body.
Your +0 robe melds into your body.
Malevolent energies surge around you.
The gnoll hits you but does no damage. 😎 HP[+10] MP[-4]
You now have 64 max hp (+10).
Your hp is fully restored (64).
You lost 4 mp, and now have 3/14 mp.
You hit the gnoll. You freeze the gnoll. You punch the gnoll!
You freeze the gnoll.
You kill the gnoll!
A gnoll comes into view. It is wielding a +0 whip.
The gnoll throws a throwing net.
The throwing net closely misses you.
The gnoll sergeant hits you from afar with a +2 heavy spear!
There is an open door here.
Things that are here:
a +0 whip; a gnoll corpse; 😕 HP[-8] MP[+1]
You take 8 damage, and now have 56/64 hp.
You howl as the wereblood boils in your veins!
The gnoll shouts!
The gnoll closely misses you.
The gnoll sergeant hits you but does no damage.
You hit the gnoll sergeant. You freeze the gnoll sergeant.
The gnoll barely misses you. The gnoll barely misses you.
The gnoll sergeant hits you with a +2 heavy spear! 😕 HP[-6]
You take 6 damage, and now have 50/64 hp.
You hit the gnoll sergeant. You freeze the gnoll sergeant.
The gnoll hits you with a +0 halberd! The gnoll hits you with a +0 whip.
* * * LOW HITPOINT WARNING * * *
The gnoll sergeant hits you with a +2 heavy spear!
* * * LOW HITPOINT WARNING * * *
You are too injured to fight recklessly! 😨 HP[-31]
You take 31 damage, and now have 19/64 hp.
MASSIVE DAMAGE!! (PAUSE)
Okay, then.
The gnoll attacks as you move away! The gnoll hits you but does no damage.
The gnoll closely misses you. 😨 MP[+1]
The gnoll attacks as you move away! The gnoll hits you with a +0 whip!
* * * LOW HITPOINT WARNING * * *
The gnoll hits you but does no damage.
The gnoll sergeant hits you from afar with a +2 heavy spear!
You die...

Skill      XL: |  1  2  3  4  5  6  7 |
---------------+----------------------+-----
Transmutations | 2 3 4 5 |  5.9
Unarmed Combat | 3 4 |  4.8
Poison Magic   | 1 |  1.0
Spellcasting   | 3 4 |  4.5
Ice Magic      | 1 3 |  3.6
Fighting       | |  1.0
Dodging        | |  1.7

Action                   |  1- 3 |  4- 6 |  7- 9 || total
-------------------------+-------+-------+-------++-------
Melee: Unarmed           |    92 |   160 |    74 ||   326
       Kick              |    22 |    25 |       ||    47
       Headbutt          |    11 |    13 |       ||    24
       Punch             |       |     1 |       ||     1
 Cast: Beastly Appendage |    23 |    19 |     1 ||    43
       Spider Form       |     1 |    10 |     6 ||    17
       Wereblood         |       |     1 |     3 ||     4
       Passwall          |       |       |     2 ||     2
       Ice Form          |       |       |     5 ||     5
  Use: Scroll            |     4 |     6 |     5 ||    15
 Stab: Paralysed         |       |     5 |     1 ||     6
Armor: Robe              |    21 |    27 |       ||    48
       Skin              |       |    12 |    17 ||    29
Dodge: Dodged            |    53 |   137 |    49 ||   239

Levels and vault maps discovered:
D:1:      dpeg_arrival_tiny_d, layout_loops_ring, serial_shops, shop,
          shapermc_ecumenical_altar_totnotflames
D:2:      layout_loops_ring, serial_shops, shop, chequers_serial_rivers_micro_b,
          uniq_jessica
D:3:      layout_loops_ring, trog_wizard, grunt_temple_overflow_diamond
D:4:      layout_rooms, serial_shops, shop_fountains
D:5:      gammafunk_cloud_chamber, layout_basic, due_unseen_surprise,
          uniq_sigmund
D:6:      layout_basic, mainiacjoe_overflow_paths

Notes
Turn   | Place    | Note
-------+----------+-------------------------------------------
     0 | D:1      | kae the Demonspawn Transmuter began the quest for the Orb.
     0 | D:1      | Reached XP level 1. HP: 15/15 MP: 3/3
     0 | D:1      | magus.rc [v1.11.3]
    75 | D:1      | Reached skill level 2 in Transmutations
    87 | D:1      | You feel monstrous as your demonic heritage exerts itself.
    87 | D:1      | Discovered your monstrous ancestry.
    87 | D:1      | Lost mutation: You have razor-sharp toenails. [demonic
                  | ancestry]
    87 | D:1      | Lost mutation: You have sharp toenails. [demonic ancestry]
    87 | D:1      | Gained mutation: You have large cloven feet. [demonic
                  | ancestry]
    87 | D:1      | Reached XP level 2. HP: 11/21 MP: 1/5
   102 | D:1      | HP: 4/21 [hobgoblin (4)]
   220 | D:1      | Found a faded altar of an unknown god.
   323 | D:1      | Reached skill level 3 in Unarmed Combat
   483 | D:1      | Reached XP level 3. HP: 16/26 MP: 3/6
   486 | D:1      | Learned a level 2 spell: Wereblood
   490 | D:1      | Learned a level 3 spell: Spider Form
   690 | D:1      | Found Qibui's Weapon Emporium.
   942 | D:2      | Noticed Jessica
   945 | D:2      | Killed Jessica
   946 | D:2      | Reached skill level 1 in Poison Magic
  1097 | D:2      | Lost mutation: You have razor-sharp toenails. [demonic
                  | ancestry]
  1097 | D:2      | Lost mutation: You have sharp toenails. [demonic ancestry]
  1097 | D:2      | Gained mutation: You have hoof-like feet. [demonic
                  | ancestry]
  1097 | D:2      | Reached XP level 4. HP: 26/32 MP: 5/7
  1188 | D:2      | Reached skill level 3 in Transmutations
  1301 | D:2      | You pick up a book of Burglary and begin reading...
  1301 | D:2      | You add the spells Passwall, Ensorcelled Hibernation and
                  | Swiftness to your library.
  1405 | D:2      | Found Capots's Magic Scroll Boutique.
  1423 | D:2      | Bought a scroll of identify for 24 gold pieces
  1834 | D:3      | Gained mutation: Spells you cast may paralyse adjacent
                  | enemies. [demonic ancestry]
  1834 | D:3      | Reached XP level 5. HP: 25/37 MP: 6/9
  1839 | D:3      | Reached skill level 3 in Spellcasting
  1924 | D:3      | You pick up a book of Minor Magic and begin reading...
  1924 | D:3      | You add the spells Magic Dart, Call Imp and Mephitic Cloud
                  | to your library.
  1976 | D:3      | Found a bloodstained altar of Trog.
  1977 | D:3      | Noticed a wizard
  1982 | D:3      | Killed a wizard
  2093 | D:3      | You add the spells Tukima's Dance, Passage of Golubria and
                  | Yara's Violent Unravelling to your library.
  2443 | D:3      | Found a radiant altar of Vehumet.
  2447 | D:3      | Found a basalt altar of Yredelemnul.
  2596 | D:4      | You pick up a book of the Spheres and begin reading...
  2596 | D:4      | You add the spells Iskenderun's Battlesphere, Fireball,
                  | Conjure Ball Lightning and Orb of Destruction to your
                  | library.
  2622 | D:4      | Found Zeomm's Book Shop.
  2774 | D:4      | Noticed a black bear
  2784 | D:4      | Killed a black bear
  2785 | D:4      | Reached skill level 4 in Transmutations
  2785 | D:4      | Gained mutation: You have a pair of small antennae on your
                  | head. [demonic ancestry]
  2785 | D:4      | Reached XP level 6. HP: 23/43 MP: 4/11
  2875 | D:4      | Learned a level 4 spell: Ice Form
  3041 | D:5      | Entered Level 5 of the Dungeon
  3088 | D:5      | Reached skill level 4 in Unarmed Combat
  3127 | D:5      | Found a transporter.
  3127 | D:5      | Noticed a fire bat
  3150 | D:5      | Reached skill level 1 in Ice Magic
  3393 | D:5      | Found a transporter.
  3433 | D:5      | Reached XP level 7. HP: 47/48 MP: 9/12
  3527 | D:5      | Noticed Sigmund
  3548 | D:5      | Killed Sigmund
  3549 | D:5      | Reached skill level 4 in Spellcasting
  3549 | D:5      | Reached skill level 5 in Transmutations
  3549 | D:5      | Reached skill level 2 in Ice Magic
  3822 | D:5      | You pick up a book of Hexes and begin reading...
  3822 | D:5      | You add the spells Inner Flame, Cause Fear and Discord to
                  | your library.
  3960 | D:5      | Learned a level 2 spell: Passwall
  4008 | D:5      | You pick up a book of Blood and begin reading...
  4008 | D:5      | You add the spells Sublimation of Blood and Summon Hydra to
                  | your library.
  4371 | D:6      | Reached skill level 3 in Ice Magic
  4371 | D:6      | Reached XP level 8. HP: 54/54 MP: 9/14
  4529 | D:6      | Found an iron altar of Okawaru.
  4556 | D:6      | Found the +6 arbalest "Damnation" {damnation}
  4653 | D:6      | HP: 12/64 [gnoll/+0 whip[a gnoll sergeant] (7)]
  4653 | D:6      | Slain by a gnoll sergeant

Vanquished Creatures
  Sigmund (D:5)
  2 black bears
  A centaur (D:6)
  2 necrophages (D:6)
  A scorpion (D:5)
  3 wights (D:6)
  3 hounds
  A jelly (D:5)
  Jessica (D:2)
  4 iguanas
  2 orc wizards (D:3)
  6 adders
  A gnoll (D:6)
  An ufetubus (D:5)
  A worm (D:2)
  2 dart slugs
  9 orcs
  6 ball pythons
  8 endoplasms
  6 giant cockroaches
  6 goblins
  5 hobgoblins
  13 jackals
  5 quokkas
  4 bats
  6 frilled lizards
  5 kobolds
  4 rats
109 creatures vanquished.

Vanquished Creatures (others)
  A wizard (D:3)
1 creature vanquished.

Grand Total: 110 creatures vanquished

Table legend:
 A = Non-vault XP
 B = Vault XP
 C = Vault XP percentage of total XP
 D = Non-vault monster count
 E = Vault monster count
 F = Vault count percentage of total count
                 A         B        C        D         E       F
            +---------+---------+-------+---------+---------+-------
      Total |    1506 |     263 |  14.9 |     107 |       2 |   1.8
            +---------+---------+-------+---------+---------+-------
        D:1 |      52 |       0 |   0.0 |      28 |       0 |   0.0
        D:2 |      74 |      37 |  33.3 |      26 |       1 |   3.7
        D:3 |     106 |       0 |   0.0 |      14 |       0 |   0.0
        D:4 |     272 |       0 |   0.0 |      16 |       0 |   0.0
        D:5 |     463 |     226 |  32.8 |      15 |       1 |   6.2
        D:6 |     539 |       0 |   0.0 |       8 |       0 |   0.0
            +---------+---------+-------+---------+---------+-------

Illustrated notes

Table legend:
 A = Kills in this place as a percentage of kills in entire the game.
 B = Kills by you in this place as a percentage of kills by you in the entire game.
 C = Kills by friends in this place as a percentage of kills by friends in the entire game.
 D = Other kills in this place as a percentage of other kills in the entire game.
 E = Experience gained in this place as a percentage of experience gained in the entire game.
 F = Experience gained in this place divided by the number of levels of this place that you have seen.
                   A       B       C       D       E      F
               +-------+-------+-------+-------+-------+----------------------
         Total | 100.0 | 100.0 |   N/A |   N/A | 100.0 | 294.8
       Dungeon | 100.0 | 100.0 |   N/A |   N/A | 100.0 | 294.8
               +-------+-------+-------+-------+-------+----------------------

Table legend: (Time is in decaauts)
 A = Elapsed time spent in this place.
 B = Non-inter-level travel time spent in this place.
 C = Inter-level travel time spent in this place.
 D = Time resting spent in this place.
 E = Time spent auto-exploring this place.
 F = Levels seen in this place.
 G = Mean time per level.
                   A        B        C        D        E       F      G
               +--------+--------+--------+--------+--------+-----+--------+
         Total |   4628 |   4436 |    192 |     40 |   3484 |   6 |  771.3 |
       Dungeon |   4628 |   4436 |    192 |     40 |   3484 |   6 |  771.3 |
               +--------+--------+--------+--------+--------+-----+--------+

Top non-repeatable levels by time:
     D:5: 1240 daAuts
     D:1: 933 daAuts
     D:2: 816 daAuts
     D:3: 773 daAuts
     D:4: 501 daAuts
     D:6: 363 daAuts
